 Dungeon Crawl Stone Soup version 0.29-a0-664-gff9cad4a3d (webtiles) character file.

Game seed: 17495517240242551922

385 blackman the Chopper (level 7, -4/52 HPs)
             Began as a Human Monk on June 22, 2022.
             Slain by a water moccasin (7 damage)
             ... on level 5 of the Dungeon.
             The game lasted 00:18:01 (5829 turns).

blackman the Chopper (Human Monk)                   Turns: 5829, Time: 00:18:02

Health: -4/52      AC: 10    Str: 13    XL:     7   Next: 6%
Magic:  7/7        EV:  3    Int: 10    God:
Gold:   167        SH:  0    Dex: 16    Spells: 6/6 levels left

rFire   . . .      SeeInvis +   u - +0 war axe
rCold   . . .      Faith    .   (no shield)
rNeg    . . .      Spirit   .   d - +0 plate armour
rPois   .          Reflect  +   (no helmet)
rElec   .          Harm     .   (no cloak)
rCorr   .          Rampage  .   (no gloves)
Will    .....                   (no boots)
Stlth   ..........              g - amulet of reflection
HPRegen 0.17/turn               j - ring of see invisible
MPRegen 0.10/turn               (no ring)

@: confused, lethally poisoned (-4 -> -15), ambrosia-drunk
A: no striking features
a: no special abilities


You were on level 5 of the Dungeon.
You visited 1 branch of the dungeon, and saw 5 of its levels.

You collected 167 gold pieces.

Inventory:

Hand Weapons
 a - a +0 hand axe
 h - a +2 dagger of speed
 q - a +0 dagger of holy wrath
 u - a +0 war axe (weapon)
Armour
 b - a +0 robe
 d - a +0 plate armour (worn)
 o - a +0 chain mail
Jewellery
 g - an amulet of reflection (around neck)
 j - a ring of see invisible (left hand)
 t - an amulet of faith
Wands
 w - a wand of flame (16)
Scrolls
 i - 3 scrolls of teleportation
 k - a scroll of enchant weapon
 l - 2 scrolls of enchant armour
 m - a scroll of vulnerability {unknown}
 n - a scroll of amnesia
 v - a scroll of fear
Potions
 f - a potion of flight {unknown}
 p - 2 potions of invisibility {unknown}
 s - a potion of mutation {unknown}


   Skills:
 - Level 3.0 Fighting
 + Level 7.4 Axes
 - Level 3.0 Dodging
 - Level 2.0 Stealth


You had 6 spell levels left.
You didn't know any spells.
Your spell library contained the following spells:

 Spells                   Type           Power      Damage    Failure   Level
 Sandblast                Erth           0%         2d4       100%        1
 Passwall                 Tmut/Erth      0%         N/A       100%        2
 Sublimation of Blood     Necr           0%         N/A       100%        2
 Wereblood                Tmut           0%         N/A       100%        2
 Stone Arrow              Conj/Erth      0%         3d7       100%        3
 Summon Hydra             Summ           0%         N/A       100%        7
 Borgnjor's Revivificati  Necr           0%         N/A       100%        8
 Necromutation            Tmut/Necr      0%         N/A       100%        8
 Death's Door             Necr           0%         N/A       100%        9


Dungeon Overview and Level Annotations

Branches:
Dungeon (5/15)
 Temple: D:4-7

Altars:

Annotations:
D:2 1 runed translucent door, Crazy Yiuf


Message History

The water moccasin bites you.
You are more poisoned.
The water moccasin poisons you!
The water moccasin bites you but does no damage.
You closely miss the water moccasin.
The water moccasin is heavily wounded.
You feel very sick.
The water moccasin bites you but does no damage.
You block the water moccasin's attack.
You miss the water moccasin.
The water moccasin is heavily wounded.
You feel very sick.
The water moccasin bites you but does no damage.
You barely miss the water moccasin.
The water moccasin is heavily wounded.
You feel very sick. The water moccasin bites you!
* * * LOW HITPOINT WARNING * * *
The water moccasin bites you but does no damage.
You feel much better.
You feel sick. The water moccasin bites you.
You are more poisoned.
The water moccasin poisons you!
You barely miss the water moccasin.
The water moccasin is heavily wounded.
You feel very sick. The water moccasin bites you. The water moccasin bites you!
* * * LOW HITPOINT WARNING * * *
You closely miss the water moccasin.
The water moccasin is heavily wounded.
* * * LOW HITPOINT WARNING * * *
You feel very sick. The water moccasin bites you!
* * * LOW HITPOINT WARNING * * *
You are confused.
You feel invigorated.
* * * LOW HITPOINT WARNING * * *
You feel very sick.
The water moccasin bites you but does no damage.
The water moccasin bites you!
You die...

... #..........
#..##.##....... ...
#......#........ .. ...
#..............##.. ...
...............#.. ...#
....#....#........ ...##
...##............##....#
#..............#S......#
###........#####@...#
#...#.)...###....#..#
#####....###..........
##................
#.#....#.#.......
####.....#.#....#
##..#...##...# #####.##
#### ##


You could see a water moccasin.

Vanquished Creatures
  A scorpion (D:4)
  A hound (D:4)
  An orc priest (D:3)
  Natasha (twice) (D:3)
  Terence (D:3)
  An orc wizard (D:4)
  7 adders
  3 worms
  2 dart slugs (D:2)
  12 orcs
  7 endoplasms
  3 giant cockroaches
  6 goblins
  7 hobgoblins
  2 jackals (D:1)
  4 quokkas
  8 ball pythons
  4 bats
  4 frilled lizards (D:3)
  5 kobolds
  5 rats
86 creatures vanquished.

Notes
Turn   | Place    | Note
-------+----------+-------------------------------------------
     0 | D:1      | blackman the Human Monk began the quest for the Orb.
     0 | D:1      | Reached XP level 1. HP: 18/18 MP: 1/1
   225 | D:1      | Reached XP level 2. HP: 11/24 MP: 2/2
   934 | D:1      | Reached skill level 4 in Axes
   934 | D:1      | Reached XP level 3. HP: 29/29 MP: 3/3
  1997 | D:2      | Found a faded altar of an unknown god.
  2073 | D:2      | Reached XP level 4. HP: 30/35 MP: 4/4
  2349 | D:2      | Found a runed translucent door.
  2350 | D:2      | Noticed Crazy Yiuf
  2858 | D:3      | Noticed Natasha
  2859 | D:3      | Noticed Terence
  2914 | D:3      | Killed Terence
  2915 | D:3      | Reached skill level 5 in Axes
  2930 | D:3      | Killed Natasha
  2931 | D:3      | Reached XP level 5. HP: 18/41 MP: 5/5
  4158 | D:4      | Reached skill level 6 in Axes
  4161 | D:4      | Reached XP level 6. HP: 19/47 MP: 6/6
  4809 | D:4      | Noticed an ogre
  4874 | D:3      | Reached skill level 7 in Axes
  5069 | D:3      | Noticed Natasha
  5483 | D:3      | Killed Natasha
  5484 | D:3      | Reached XP level 7. HP: 52/52 MP: 7/7
  5740 | D:5      | Entered Level 5 of the Dungeon
  5815 | D:5      | Noticed a water moccasin
  5828 | D:5      | HP: 2/52 [water moccasin (8)]
  5829 | D:5      | Slain by a water moccasin

Illustrated notes

Levels and vault maps discovered:
D:1:      minmay_arrival_arboretum_small, layout_rooms, serial_glass,
          glass_columns_a, glass_columns_a, glass_columns_a, glass_columns_a,
          glass_columns_a, glass_columns_a, glass_columns_b, glass_columns_c,
          glass_columns_b, glass_columns_c, glass_columns_c, glass_columns_a,
          glass_columns_a, glass_columns_b
D:2:      layout_basic, shapermc_ecumenical_altar_venn,
          kennysheep_generic_room_11, uniq_crazy_yiuf_cottage
D:3:      layout_loops_ring, uniq_terence, uniq_natasha
D:4:      layout_loops_cross, roderic_three_in_a_row, minmay_misc_feat_alley
D:5:      layout_cave_pools, minmay_overflow_temple_star_quad,
          minmay_manual_mail

Skill      XL: |  1  2  3  4  5  6 |
---------------+-------------------+-----
Axes           | 4 5 6 7 |  7.4
Fighting       | |  3.0
Dodging        | |  3.0
Stealth        | |  2.0

Action                   |  1- 3 |  4- 6 |  7- 9 || total
-------------------------+-------+-------+-------++-------
Melee: Hand axe          |    65 |       |       ||    65
       Dagger            |    86 |   137 |       ||   223
       Punch             |     1 |     1 |       ||     2
       War axe           |       |    85 |    24 ||   109
       Unarmed           |       |     7 |       ||     7
Evoke: Wand              |       |       |     3 ||     3
  Use: Scroll            |       |     4 |     3 ||     7
       Potion            |       |     4 |     2 ||     6
 Stab: Sleeping          |     3 |       |       ||     3
       Distracted        |     1 |       |       ||     1
Armor: Robe              |    14 |       |       ||    14
       Chain mail        |       |    20 |       ||    20
       Plate armour      |       |    84 |    13 ||    97
Dodge: Dodged            |    78 |    37 |     3 ||   118
Block: Other             |    22 |    43 |     5 ||    70
       Reflection        |       |     2 |       ||     2

Table legend: (Time is in decaauts)
 A = Elapsed time spent in this place.
 B = Non-inter-level travel time spent in this place.
 C = Inter-level travel time spent in this place.
 D = Time resting spent in this place.
 E = Time spent auto-exploring this place.
 F = Levels seen in this place.
 G = Mean time per level.
                   A        B        C        D        E       F      G
               +--------+--------+--------+--------+--------+-----+--------+
         Total |   5760 |   5568 |    192 |   1071 |   3715 |   5 | 1152.0 |
       Dungeon |   5760 |   5568 |    192 |   1071 |   3715 |   5 | 1152.0 |
               +--------+--------+--------+--------+--------+-----+--------+

Top non-repeatable levels by time:
     D:2: 1660 daAuts
     D:4: 1459 daAuts
     D:3: 1438 daAuts
     D:1: 1109 daAuts
     D:5: 91 daAuts
